 Dungeon Crawl Stone Soup version 0.27.0-1-g7a089689b8 (webtiles) character file.

Game seed: 313802936689022684

114 MisterFreud the Cudgeller (level 4, -3/28 HPs)
             Began as a Gargoyle Fighter on July 31, 2021.
             Slain by a gnoll (4 damage)
             ... on level 3 of the Dungeon.
             The game lasted 00:02:40 (2100 turns).

MisterFreud the Cudgeller (Gargoyle Fighter)        Turns: 2100, Time: 00:02:41

Health: -3/28      AC: 14    Str: 20    XL:     4   Next: 98%
Magic:  4/4        EV:  7    Int:  9    God:
Gold:   40         SH:  9    Dex:  9    Spells: 3/3 levels left

rFire    . . .     SeeInvis .   a - +0 flail
rCold    . . .     Faith    .   c - +0 kite shield
rNeg     + . .     Spirit   .   b - +0 scale mail
rPois    ∞         Reflect  .   f - +0 helmet
rElec    +         Harm     .   (no cloak)
rCorr    .         Rampage  .   (no gloves)
Will     .....                  g - +2 pair of boots
Stlth    ..........             (no amulet)
HPRegen  0.09/turn              (no ring)
MPRegen  0.09/turn              (no ring)

@: mighty
A: sickness immunity, AC +3, negative energy resistance 1, electricity
resistance, torment resistance 1, petrification resistance
a: no special abilities


You were on level 3 of the Dungeon.
You visited 1 branch of the dungeon, and saw 3 of its levels.

You collected 40 gold pieces.

Inventory:

Hand Weapons
 a - a +0 flail (weapon)
Armour
 b - a +0 scale mail (worn)
 c - a +0 kite shield (worn)
 f - a +0 helmet (worn)
 g - a +2 pair of boots (worn)
Jewellery
 e - a ring of wizardry
Scrolls
 h - a scroll of enchant armour {unknown}
 i - a scroll of amnesia {unknown}
 j - a scroll of blinking {unknown}
 k - a scroll of vulnerability {unknown}


   Skills:
 - Level 3.2 Fighting
 + Level 5.0 Maces & Flails
 - Level 3.2 Armour
 - Level 3.2 Shields


You had 3 spell levels left.
You didn't know any spells.
Your spell library was empty.

Dungeon Overview and Level Annotations

Branches:
Dungeon (3/15)

Altars:

Annotations:
D:2 Sigmund


Innate Abilities, Weirdness & Mutations

You are immune to sickness and miasma.
Your stone body is resilient. (AC +3)
You are immune to poison.
You resist negative energy. (rN+)
You are resistant to electric shocks. (rElec)
You are resistant to unholy torment.
You are immune to petrification.


Message History

You block the gnoll's attack.
You barely miss the gnoll. The gnoll hits you with a +0 flail.
You sock the gnoll!
The gnoll is heavily wounded.
The gnoll hits you but does no damage. The gnoll hits you with a +0 flail.
You barely miss the gnoll.
The gnoll is heavily wounded.
You block the gnoll's attack.
You hit the gnoll but do no damage.
The gnoll is heavily wounded.
The gnoll hits you with a +0 flail!
* * * LOW HITPOINT WARNING * * *
The gnoll hits you with a +0 flail.
* * * LOW HITPOINT WARNING * * *
You are too injured to fight recklessly!
You sock the gnoll!
You kill the gnoll!
You block the bat's attack. The bat barely misses you.
Your Maces & Flails skill increases to level 5!
You hit the bat.
The bat is moderately wounded.
The bat hits you but does no damage. You block the bat's attack.
Unknown command.
The bat hits you but does no damage.
The bat barely misses you. x2; The bat hits you but does no damage.
You block the bat's attack. The bat completely misses you. The bat hits you.
* * * LOW HITPOINT WARNING * * *
You block the bat's attack. You block the bat's attack.
The bat hits you but does no damage. The bat hits you but does no damage.
You block the bat's attack.
You feel very mighty all of a sudden. You block the gnoll's attack.
You barely miss the gnoll. The gnoll hits you with a +0 flail.
* * * LOW HITPOINT WARNING * * *
You block the gnoll's attack.
You barely miss the gnoll. The gnoll hits you with a +0 flail.
You die...

### #.# #.# #.#
#.# ### #@# #..
#g# #.# #b# #.#
#S# #.# ### #g#
#.# ##.## #g#
#.# ##.#.##
#.###.###.###.##
#####........##
##.###
#.g.......<.##
##...


You could see 2 gnolls, a hobgoblin, a bat and a ball python.

Vanquished Creatures
  Robin (D:2)
  2 gnolls (D:3)
  An adder (D:1)
  2 worms (D:2)
  3 dart slugs (D:1)
  4 bats
  2 endoplasms
  3 giant cockroaches
  15 goblins
  8 hobgoblins
  6 jackals
  3 quokkas (D:2)
  2 ball pythons (D:1)
  3 frilled lizards
  3 rats
58 creatures vanquished.

Notes
Turn   | Place    | Note
-------+----------+-------------------------------------------
     0 | D:1      | MisterFreud the Gargoyle Fighter began the quest for the
                  | Orb.
     0 | D:1      | Reached XP level 1. HP: 14/14 MP: 1/1
    81 | D:1      | Reached XP level 2. HP: 10/19 MP: 2/2
   472 | D:1      | Reached skill level 3 in Maces & Flails
   855 | D:1      | Reached XP level 3. HP: 23/23 MP: 3/3
   888 | D:2      | Noticed Robin
  1293 | D:2      | Reached skill level 4 in Maces & Flails
  1499 | D:2      | Reached XP level 4. HP: 26/28 MP: 4/4
  1508 | D:2      | Killed Robin
  1842 | D:2      | Noticed Sigmund
  2082 | D:3      | Reached skill level 5 in Maces & Flails
  2099 | D:3      | HP: 1/28 [gnoll (3)]
  2100 | D:3      | Slain by a gnoll

Illustrated notes

Levels and vault maps discovered:
D:1:      minmay_arrival_stone_box, layout_rooms
D:2:      layout_basic, shapermc_ecumenical_altar_hornbeckon, uniq_sigmund,
          uniq_robin
D:3:      layout_loops_ring, lightli_sewer_entry_pipes, skrybe_limestone_x,
          saegor_snake_ambush, uniq_natasha, uniq_grinder

Skill      XL: |  1  2  3  4 |
---------------+-------------+-----
Maces & Flails | 3 4 5 |  5.0
Fighting       | |  3.2
Armour         | |  3.2
Shields        | |  3.2

Action                   |  1- 3 |  4- 6 || total
-------------------------+-------+-------++-------
Melee: Flail             |   114 |    77 ||   191
  Use: Potion            |     2 |     1 ||     3
Armor: Scale mail        |    81 |    52 ||   133
Dodge: Dodged            |    48 |    26 ||    74
Block: Kite shield       |    68 |    42 ||   110
